 Dungeon Crawl Stone Soup version 0.19-a0-1511-g16f215b (webtiles) character file.

56 CanOfBees the Slasher (level 3, -4/28 HPs)
             Began as a Demonspawn Gladiator on Sept 11, 2016.
             Slain by a hobgoblin (6 damage)
             ... led by Robin
             ... on level 2 of the Dungeon.
             The game lasted 00:02:58 (1833 turns).

CanOfBees the Slasher (Demonspawn Gladiator)        Turns: 1833, Time: 00:02:58

Health: -4/28      AC:  4    Str: 15    XL:     3   Next: 71%
Magic:  3/3        EV: 13    Int: 10    God:
Gold:   63         SH:  0    Dex: 13    Spells: 0 memorised, 2 levels left

rFire  . . .     SeeInvis .     a - +0 long sword
rCold  . . .     Gourm    .     b - +0 leather armour
rNeg   . . .     Faith    .     (no shield)
rPois  .         Spirit   .     c - +0 helmet
rElec  .         Dismiss  .     (no cloak)
rCorr  .         Reflect  .     (no gloves)
MR     .....     Harm     .     (no boots)
Stlth  ++........               (no amulet)
                                (no ring)
                                (no ring)

@: no status effects
A: nightstalker 1
a: no special abilities


You were on level 2 of the Dungeon.
You were not hungry.

You visited 1 branch of the dungeon, and saw 2 of its levels.

You collected 63 gold pieces.

Inventory:

Hand Weapons
 a - a +0 long sword (weapon)
Missiles
 d - 2 throwing nets (quivered)
Armour
 b - a +0 leather armour (worn)
 c - a +0 helmet (worn)
Scrolls
 g - a scroll of enchant armour {unknown}
 j - a scroll of blinking {unknown}
 k - a scroll of random uselessness {unknown}
 m - a scroll of teleportation {unknown}
 n - a scroll of enchant weapon {unknown}
Potions
 h - a potion of degeneration {unknown}
 i - a potion of cancellation {unknown}
Comestibles
 f - 2 bread rations
 l - 2 chunks of flesh


   Skills:
 + Level 2.5 Fighting
 * Level 3.5 Long Blades
 - Level 1.7 Throwing
 * Level 3.2 Dodging


You had 2 spell levels left.
You didn't know any spells.

Dungeon Overview and Level Annotations

Branches:
Dungeon (2/15)

Altars:

Annotations:
D:2 Robin


Innate Abilities, Weirdness & Mutations

You are slightly more attuned to the shadows.


Message History

Robin throws the goblin at you! The goblin misses you.
The hobgoblin barely misses you. The goblin hits you.
You completely miss the goblin. The hobgoblin hits you.
* * * LOW HITPOINT WARNING * * *
The goblin barely misses you.
You riposte.
You closely miss the goblin. The hobgoblin closely misses you.
You riposte.
You closely miss the hobgoblin.
The hobgoblin is severely wounded.
You hit the goblin.
The goblin is heavily wounded.
The goblin hits you.
* * * LOW HITPOINT WARNING * * *
The hobgoblin barely misses you.
You riposte.
You hit the hobgoblin.
The hobgoblin is almost dead.
As you read the scroll labeled BIATUDWE NAOCS, it crumbles to dust.
It is a scroll of amnesia.
You feel forgetful for a moment. The goblin closely misses you.
You riposte.
You slash the goblin!
You kill the goblin!
The hobgoblin hits you.
You die...

# # ............. #
.gg.........b ###
g.g.......... ....
..gw......... ####
............. #
.......g.....
##################gg.....
...#.......#...†@ggg...(.
##.#.#####.#.#####g......
.#.#.#...#.#.#...#.......
.#.#...#.#.#...#.###+####
.#.#####.#.#####.#
.#.......#.......#
##################


You could see Robin, a hobgoblin and 5 goblins.

Vanquished Creatures
  An adder (D:2)
  An ooze (D:1)
  A worm (D:2)
  3 giant geckos
  3 giant cockroaches
  8 goblins
  3 hobgoblins (D:1)
  4 jackals (D:1)
  A kobold (D:1)
  A quokka (D:2)
  2 bats (D:1)
  A giant newt (D:1)
  5 rats
34 creatures vanquished.

Notes
Turn   | Place    | Note
-------+----------+-------------------------------------------
     0 | D:1      | CanOfBees the Demonspawn Gladiator began the quest for the Orb.
     0 | D:1      | Reached XP level 1. HP: 16/16 MP: 1/1
   625 | D:1      | Gained mutation: You are slightly more attuned to the shadows. [demonic ancestry]
   625 | D:1      | Reached XP level 2. HP: 22/22 MP: 2/2
   970 | D:1      | Reached XP level 3. HP: 10/27 MP: 3/3
  1821 | D:2      | Noticed Robin
  1833 | D:2      | Slain by a hobgoblin

Vault maps used:
D:1:      dpeg_arrival_tiny_h, dk_noncrumbling_4
D:2:      patterned_corridor, uniq_robin

Skill      XL: |  1  2 |
---------------+-------+-----
Long Blades    | 3 |  3.5
Dodging        | 3 |  3.2
Fighting       | |  2.5
Throwing       | |  1.7

Action                   || total
-------------------------++-------
Melee: Long sword        ||   144
Throw: Throwing net      ||     3
  Use: Scroll            ||     1
 Stab: Held in net/web   ||     3
       Sleeping          ||     3
  Eat: Chunk             ||     3
Armor: Leather armour    ||    24
Dodge: Dodged            ||    75
